[Event "Late-Titled-Tuesday-Blitz-August-29-2023"]
[Site "Chess.com"]
[Date "2023.08.29"]
[Round "4"]
[White "dennisodessa"]
[Black "zeitnot2006"]
[Result "0-1"]
[WhiteElo "2540"]
[BlackElo "2751"]
[TimeControl "180+1"]
[EndTime "14:38:02 PDT"]
[Termination "zeitnot2006 won by resignation"]

1. d4 d5 2. c4 e6 3. Nc3 a6 4. cxd5 exd5 5. Bf4 c6 6. e3 Bd6 7. Bxd6 Qxd6 8. Bd3 Ne7 9. Qc2 g6 10. Nf3 Bf5 11. O-O O-O 12. Rfc1 Nd7 13. Na4 Bxd3 14. Qxd3 a5 15. a3 Nf5 16. Nc5 Nxc5 17.
Rxc5 Qe7 18. h3 Nd6 19. Rc2 a4 20. Re1 Rfe8 21. Rce2 Ra5 22. Nd2 Ne4 23. Nxe4 Qxe4 24. Qxe4 Rxe4 25. Rb1 Rb5 26. b4 axb3 27. Reb2 c5 28.
dxc5 Rxc5 29. Rxb3 d4 30. Rb4 Rd5 31. Rxd4 Rexd4 32. exd4 Rxd4 33. Rxb7 Rd1+ 34. Kh2 Ra1 35. Rb3 h5 36. h4 Ra2 37. Kg3 Kg7 38. Rf3 Kg8 39.
Kf4 Re2 40. Kg5 Kg7 41. Kf4 Kg8 42. Kg3 Ra2 43. Kh3 Kg7 44. g3 Kg8 45. Kg2 Ra1 46. Rb3 Kg7 47. Kf3 Ra2 48. Ke3 Kf6 49. Rb6+ Kf5 50.
Ra6 Kg4 51. Ra4+ Kh3 52. Kf3 Kh2 53. Ra7 Kg1 54. a4 Rxf2+ 55. Ke3 Kg2 56. a5 Kxg3 57.
a6 Ra2 58. Ra8 Kxh4 59. a7 g5 60. Kf3 g4+ 61. Kf4 Ra4+ 62. Kf5 g3 0-1

[Event "Late-Titled-Tuesday-Blitz-August-29-2023"]
[Site "Chess.com"]
[Date "2023.08.29"]
[Round "4"]
[White "Berardino"]
[Black "gunslinger222"]
[Result "1-0"]
[WhiteElo "2683"]
[BlackElo "2478"]
[TimeControl "180+1"]
[EndTime "14:38:02 PDT"]
[Termination "Berardino won on time"]

1. e4 e6 2. d4 d5 3. Nd2 c5 4.
exd5 exd5 5. Bb5+ Nc6 6. Ngf3 Qe7+ 7. Be2 Qc7 8. O-O Nf6 9. Re1 cxd4 10. Nb3 Bb4 11.
Bd2 Bxd2 12. Qxd2 O-O 13. Nbxd4 Bg4 14. h3 Nxd4 15. Nxd4 Ne4 16. Qd1 Bxe2 17. Rxe2 a6 18. c3 Rad8 19. Qc2 Qf4 20. Rd1 Rd6 21. Nf3 Rg6 22.
Nh2 Qg5 23. Ng4 h5 24. Ne3 Nf6 25. Rd4 Rd8 26. Qf5 Qxf5 27. Nxf5 Kf8 28. Red2 Rg5 29.
Ne3 Re5 30. c4 Ne4 31. Rd1 Rc8 32. Rxd5 Rxd5 33. Rxd5 1-0

[Event "Late-Titled-Tuesday-Blitz-August-29-2023"]
[Site "Chess.com"]
[Date "2023.08.29"]
[Round "4"]
[White "Piotrek1979"]
[Black "albi1999"]
[Result "0-1"]
[WhiteElo "2464"]
[BlackElo "2689"]
[TimeControl "180+1"]
[EndTime "14:38:04 PDT"]
[Termination "albi1999 won on time"]

1. Nf3 d5 2. g3 g6 3. Bg2 Bg7 4. c4 e6 5. O-O Ne7 6. d4 O-O 7. Nbd2 Nbc6 8. e3 b6 9. Qa4 Bd7 10. Qa3 a5 11. cxd5 exd5 12. Qc3 Rc8 13. b3 Nb4 14. a3 c5 15. axb4 cxd4 16. Qd3 dxe3 17. Ra2 exd2 18. Bxd2 axb4 19. Bxb4 Bf5 20. Qb5 Re8 21. Ra7 Nc6 22. Rb7 Nxb4 23. Qxb4 Be4 24.
Qxb6 d4 25. Qxd8 Rcxd8 26. Ra7 d3 27. Ng5 Bxg2 28. Kxg2 d2 29. Rd1 Re1 30. Nxf7 Rxd1 31. Nxd8 Ra1 32. Ne6 Rxa7 0-1

[Event "Late-Titled-Tuesday-Blitz-August-29-2023"]
[Site "Chess.com"]
[Date "2023.08.29"]
[Round "4"]
[White "ShrookWafa"]
[Black "HrvojeZagreb"]
[Result "1-0"]
[WhiteElo "2419"]
[BlackElo "2261"]
[TimeControl "180+1"]
[EndTime "14:38:04 PDT"]
[Termination "ShrookWafa won on time"]

1. e4 c5 2. Nf3 a6 3. d4 cxd4 4.
Nxd4 Nf6 5. Bd3 e5 6. Nb3 d5 7.
exd5 Qxd5 8. O-O Nc6 9. Nc3 Qd6 10. Qe2 Be7 11. Be3 Nd4 12. Bxd4 exd4 13. Ne4 Nxe4 14. Qxe4 Be6 15. Nxd4 Bd5 16. Qg4 O-O 17. Nf5 Qf6 18. Rae1 Bc5 19. b4 Ba7 20. c4 Bc6 21. c5 Rfe8 22. Nd6 Rxe1 23. Rxe1 Rf8 24. h3 Bb8 25. Re3 Bxd6 26. cxd6 Qxd6 27. Rg3 Qf6 28. h4 Rd8 29. h5 Bd7 30. Qe4 g6 31. Qxb7 Be6 32. Qxa6 Qa1+ 33. Kh2 Qe5 34. Be2 Rd2 35. Bf3 Rd4 36. Qe2 Qxe2 37. Bxe2 Rd2 38. Bf3 Rxf2 39. a4 Rb2 40. b5 Rb4 41. Bd1 1-0

[Event "Late-Titled-Tuesday-Blitz-August-29-2023"]
[Site "Chess.com"]
[Date "2023.08.29"]
[Round "4"]
[White "Anton_Demchenko"]
[Black "adiosabu"]
[Result "1-0"]
[WhiteElo "2922"]
[BlackElo "2570"]
[TimeControl "180+1"]
[EndTime "14:38:05 PDT"]
[Termination "Anton_Demchenko won on time"]

1. e4 c5 2. Nf3 Nc6 3. Bb5 g6 4. O-O Bg7 5. d3 Nf6 6. Nc3 O-O 7. e5 Ne8 8. Bxc6 dxc6 9. h3 Nc7 10. Re1 Ne6 11.
a4 Rb8 12. b3 b6 13. Bb2 a5 14.
Ne4 b5 15. Bc3 b4 16. Bb2 Qd5 17. Ned2 Ba6 18. Qe2 Nd4 19. Bxd4 cxd4 20. Nc4 Rfd8 21. Rad1 Bh6 22. g3 Qe6 23. Kg2 Bxc4 24. dxc4 c5 25. Qd3 Qc6 26. Re2 e6 27. h4 Kg7 28. Rh1 Rb7 29. h5 Rh8 30. Kg1 Rd7 31. Re4 Kf8 32. hxg6 hxg6 33. Reh4 Kg7 34. Ng5 Qc8 35. Ne4 Qd8 36.
f4 Qe7 37. Kg2 Rdd8 38. Nf6 Rdf8 39. Qe4 g5 40. Rg4 1-0

[Event "Late-Titled-Tuesday-Blitz-August-29-2023"]
[Site "Chess.com"]
[Date "2023.08.29"]
[Round "4"]
[White "Levanzovsky"]
[Black "Michalczak"]
[Result "1-0"]
[WhiteElo "2407"]
[BlackElo "2506"]
[TimeControl "180+1"]
[EndTime "14:38:05 PDT"]
[Termination "Levanzovsky won by resignation"]

1. Nf3 d5 2. g3 Nc6 3. Bg2 e5 4. d4 e4 5. Ne5 Nce7 6. f3 f6 7. Ng4 h5 8. Nf2 f5 9. c4 Nf6 10. Nc3 c6 11. Bg5 Be6 12. Nh3 Nh7 13. cxd5 cxd5 14.
Qb3 Qb6 15. Be3 Qxb3 16. axb3 Rg8 17. Nf4 Bf7 18. h4 g6 19. Nb5 Kd7 20. Rxa7 Rxa7 21.
Nxa7 Nc6 22. Nb5 Bb4+ 23. Nc3 Ra8 24. Kf2 Nf6 25. Bh3 Ke7 26. Rc1 Ra5 27. Ng2 exf3 28. exf3 Kd7 29. Nf4 Bxc3 30. bxc3 Ra2+ 31. Kg1 Rb2 32.
b4 Na7 33. Bf1 Kc6 34. Nd3 Ra2 35. Ne5+ Kb6 36. Nxf7 Nb5 37. c4 dxc4 38. d5+ Kc7 39. Bxc4 Ra3 40. Bxb5+ Kb8 41. Bf4+ Ka7 42. Bc4 Rxf3 43.
Nd6 Ng4 44. Nc8+ 1-0

[Event "Late-Titled-Tuesday-Blitz-August-29-2023"]
[Site "Chess.com"]
[Date "2023.08.29"]
[Round "4"]
[White "GiorgianBarbosa"]
[Black "JiiHart"]
[Result "1-0"]
[WhiteElo "2427"]
[BlackElo "2115"]
[TimeControl "180+1"]
[EndTime "14:38:05 PDT"]
[Termination "GiorgianBarbosa won on time"]

1. e4 c5 2. Nf3 Nc6 3. d4 cxd4 4. Nxd4 Nf6 5. Nc3 d6 6. Bc4 e6 7.
O-O a6 8. a4 Qc7 9. Ba2 Be7 10.
Be3 Bd7 11. f4 O-O 12. Kh1 Na5 13. f5 e5 14. Nde2 Nc4 15. Bc1 b5 16. Bg5 Nxb2 17.
Qe1 Bc6 18. Bxf6 Bxf6 19. Nd5 Bxd5 20. Bxd5 Rac8 21. axb5 axb5 22. Ng3 Bh4 23. f6 gxf6 24. Qe2 Bxg3 25. Ra3 Bf4 26. Qh5 Rfe8 27. Rh3 Kf8 28.
Qxh7 1-0

[Event "Late-Titled-Tuesday-Blitz-August-29-2023"]
[Site "Chess.com"]
[Date "2023.08.29"]
[Round "4"]
[White "ErikRonka"]
[Black "hsd2016"]
[Result "1-0"]
[WhiteElo "2486"]
[BlackElo "2264"]
[TimeControl "180+1"]
[EndTime "14:38:05 PDT"]
[Termination "ErikRonka won by resignation"]

1. e4 c5 2. a3 Nc6 3. b4 cxb4 4. axb4 Nxb4 5. d4 d5 6. c3 Nc6 7. exd5 Qxd5 8. Na3 e6 9. Nb5 Qd8 10. Bf4 e5 11. dxe5 Be6 12. Nf3 Qb6 13. Be2 Bc5 14.
O-O Nge7 15. Nd6+ Bxd6 16. exd6 Ng6 17. Be3 Qd8 18. c4 O-O 19. c5 Qd7 20. Nd4 Nxd4 21.
Qxd4 Rfc8 22. Bf3 a5 23. Rfb1 Rcb8 24. h4 Nf8 25. h5 h6 26. Rb6 Bf5 27. Qd5 Be6 28.
Qe5 a4 29. Qc3 Bg4 30. Be4 Bxh5 31. Qb4 Bg6 32. Bxb7 Ra7 33. c6 Qd8 34. c7 Raxb7 35. cxd8=Q 1-0

[Event "Late-Titled-Tuesday-Blitz-August-29-2023"]
[Site "Chess.com"]
[Date "2023.08.29"]
[Round "4"]
[White "Fh2411"]
[Black "Jahonas"]
[Result "1-0"]
[WhiteElo "2634"]
[BlackElo "2441"]
[TimeControl "180+1"]
[EndTime "14:38:06 PDT"]
[Termination "Fh2411 won by resignation"]

1. d4 Nf6 2. c4 e6 3. Nc3 Bb4 4. e3 b6 5. Ne2 Bb7 6. a3 Be7 7. Ng3 d5 8. cxd5 Nxd5 9. e4 Nxc3 10. bxc3 c5 11. Bb5+ Nd7 12. d5 exd5 13. exd5 O-O 14. O-O Bf6 15. Bb2 a6 16. Be2 Ne5 17. c4 Nf3+ 18.
Bxf3 Bxb2 19. Ra2 Be5 20. Ne2 Qd6 21. g3 Rfe8 22. Rd2 Rad8 23. Qb3 g6 24. Rb1 b5 25. cxb5 axb5 26. Qxb5 Ba6 27. Qa5 Rb8 28. Rxb8 Rxb8 29.
Kg2 Rb3 30. h4 Qf6 31. Be4 Bxe2 32. Rxe2 Bd4 33. Qc7 Rxa3 34. d6 Be5 35. Qc8+ Kg7 36.
d7 1-0

[Event "Late-Titled-Tuesday-Blitz-August-29-2023"]
[Site "Chess.com"]
[Date "2023.08.29"]
[Round "4"]
[White "LastGladiator1"]
[Black "mishanick"]
[Result "1-0"]
[WhiteElo "2905"]
[BlackElo "3128"]
[TimeControl "180+1"]
[EndTime "14:38:10 PDT"]
[Termination "LastGladiator1 won on time"]

1. e4 c5 2. Nf3 d6 3. Bb5+ Bd7 4. a4 Nf6 5. Nc3 Nc6 6. O-O e6 7. Bxc6 Bxc6 8. Re1 Be7 9. d4 cxd4 10. Nxd4 Rc8 11.
b3 O-O 12. Bb2 Qa5 13. Re3 Rfd8 14. Qe2 a6 15. Rd1 Be8 16. h3 h6 17. Qd2 Qg5 18.
Qe1 b5 19. e5 dxe5 20. Rxe5 Qg6 21. axb5 axb5 22. Ncxb5 Nd5 23. c4 Nf4 24. Qe4 Nxh3+ 25. Kf1 Qxe4 26. Rxe4 Ng5 27. Ree1 Bc5 28. f4 Nh7 29. f5 Bxb5 30. cxb5 Bxd4 31. Rxd4 Rxd4 32. Bxd4 1-0

[Event "Late-Titled-Tuesday-Blitz-August-29-2023"]
[Site "Chess.com"]
[Date "2023.08.29"]
[Round "4"]
[White "Rud_Makarian"]
[Black "GGuseinov"]
[Result "1-0"]
[WhiteElo "3017"]
[BlackElo "2860"]
[TimeControl "180+1"]
[EndTime "14:38:10 PDT"]
[Termination "Rud_Makarian won on time"]

1. d4 Nf6 2. c4 g6 3. Nc3 Bg7 4. e4 d6 5. Be2 O-O 6. Be3 Na6 7. Nf3 c6 8. O-O e5 9. d5 Ng4 10. Bg5 f6 11. Bd2 c5 12. Ne1 Nh6 13. g3 Bh3 14. Ng2 f5 15. exf5 Nxf5 16. Bg4 Bxg4 17. Qxg4 Nd4 18. Ne4 Nf3+ 19. Kh1 Nxd2 20. Nxd2 Qc8 21. Qxc8 Raxc8 22. Ne4 Rcd8 23. Ng5 Nc7 24. h4 h6 25. Ne4 Ne8 26. Ne3 Nf6 27. Nxf6+ Bxf6 28. b3 h5 29. Kg2 e4 30. Rae1 Rde8 31. Re2 Kg7 32. Nd1 Re7 33. Rfe1 Rfe8 34. Kh3 Bd4 35. Ne3 Bc3 36.
Rc1 Bd4 37. Ng2 Rf7 38. Nf4 e3 39. f3 Kh6 40. Kg2 Rxf4 41. gxf4 Rf8 42. Kg3 Rf7 43. Rd1 Kg7 44. b4 b6 45. b5 Kf6 46.
Rd3 Re7 47. a4 Kf5 48. a5 Kf6 49. Ra3 Kf5 50. axb6 axb6 51. Ra6 Rb7 52. Ra8 Kf6 53. Re8 1-0

[Event "Late-Titled-Tuesday-Blitz-August-29-2023"]
[Site "Chess.com"]
[Date "2023.08.29"]
[Round "4"]
[White "colegiodemadrid"]
[Black "KejJaj"]
[Result "1-0"]
[WhiteElo "2443"]
[BlackElo "2213"]
[TimeControl "180+1"]
[EndTime "14:38:11 PDT"]
[Termination "colegiodemadrid won by resignation"]

1. Nf3 f5 2. d3 Nc6 3. d4 e6 4. g3 Nf6 5. Bg2 d5 6. O-O Bd6 7. c4 Ne4 8. b3 O-O 9. Ba3 Bxa3 10. Nxa3 Qe7 11. Nb1 Bd7 12. Qc1 Be8 13. cxd5 exd5 14.
Nc3 Bf7 15. e3 Nd8 16. Ne1 c6 17. Nd3 Bh5 18. Re1 Nf7 19. f3 Nf6 20. b4 Ng5 21. Qd1 Nge4 22. Qc1 Nd6 23. Ne5 Nd7 24. f4 Nxe5 25.
dxe5 Nc4 26. Nxd5 cxd5 27. Bxd5+ Bf7 28. Qxc4 Rac8 29. Bxf7+ Qxf7 30. Qxf7+ Rxf7 31. Rac1 Rfc7 32. Rxc7 Rxc7 33. Kf2 Rc2+ 34. Re2 Rc4 35. a3 Rc3 36. Rd2 Rxa3 37. Rd8+ Kf7 38. Rd7+ Ke6 39. Rxb7 Ra2+ 40. Kf3 g6 41. Rxh7 Ra4 42. Rb7 Kd5 43. h3 Kc6 44. Rg7 Rxb4 45. Rxa7 Kd5 46. Ra6 Rb1 47. Rd6+ Kc5 48. Rxg6 Rf1+ 49. Kg2 Re1 50. Rf6 Rxe3 51.
Rxf5 Re2+ 52. Kf3 1-0

[Event "Late-Titled-Tuesday-Blitz-August-29-2023"]
[Site "Chess.com"]
[Date "2023.08.29"]
[Round "4"]
[White "JoakimVonAnd"]
[Black "dretch"]
[Result "1-0"]
[WhiteElo "2732"]
[BlackElo "2900"]
[TimeControl "180+1"]
[EndTime "14:38:12 PDT"]
[Termination "JoakimVonAnd won on time"]

1. d4 d5 2. Nf3 Nf6 3. Bf4 c5 4.
e3 Nc6 5. Nbd2 Nh5 6. Bg5 h6 7. Bh4 cxd4 8. Nxd4 g6 9. Be2 Nxd4 10. exd4 Nf4 11. O-O Bg7 12. c3 O-O 13. Bg3 Nxe2+ 14.
Qxe2 Bf5 15. Rfe1 Re8 16. a4 Qb6 17. Nf1 a5 18. Ne3 Be6 19. h3 Qc6 20. Nc2 Bd7 21. Ne3 Ra6 22. Qf3 Be6 23. Be5 f6 24.
Bg3 Bf7 25. Re2 e5 26. dxe5 fxe5 27. Ng4 e4 28. Qe3 Kh7 29. Qd2 Qc5 30. Bf4 h5 31. Ne3 d4 32. cxd4 Qxd4 33. Qe1 Rc6 34. Rd1 Qc5 35. Rd7 Be6 36. Rxb7 Rf8 37. Bg3 Rf7 38.
Rxf7 Bxf7 39. Rc2 Qb6 40. Rxc6 Qxc6 41. Qxa5 Bxb2 42. Be5 Be8 43. Bxb2 1-0

[Event "Late-Titled-Tuesday-Blitz-August-29-2023"]
[Site "Chess.com"]
[Date "2023.08.29"]
[Round "4"]
[White "kiwibobo"]
[Black "Fan_Of_Chucky"]
[Result "0-1"]
[WhiteElo "2376"]
[BlackElo "2514"]
[TimeControl "180+1"]
[EndTime "14:38:12 PDT"]
[Termination "Fan_Of_Chucky won by resignation"]

1. e4 c6 2. d4 g6 3. Nf3 Bg7 4. Be2 d6 5. O-O Nf6 6. Nc3 O-O 7. h3 Nbd7 8. Be3 e5 9. Re1 Qc7 10.
dxe5 dxe5 11. Qd2 Rd8 12. Rad1 Bf8 13. Bc4 b5 14. Bb3 a5 15. Ng5 Kg7 16. Bxf7 Qb8 17.
Ne6+ Kxf7 18. Nxd8+ Ke8 19. Ne6 Be7 20. Ng5 b4 21.
Ne2 Qb5 22. c3 c5 23. Ne6 Qc6 24. Ng5 Bb7 25. Ng3 c4 26. h4 b3 27. axb3 cxb3 28.
f3 a4 29. Ra1 Nc5 30. Red1 Rd8 31. Qe2 Rxd1+ 32. Qxd1 Ba6 33. Qd2 Nd3 34. Qd1 Nxb2 35.
Qd2 Nc4 36. Qf2 Nxe3 37. Qxe3 Bc5 0-1

[Event "Late-Titled-Tuesday-Blitz-August-29-2023"]
[Site "Chess.com"]
[Date "2023.08.29"]
[Round "4"]
[White "nassimzrikem"]
[Black "ExchangeAB"]
[Result "0-1"]
[WhiteElo "2142"]
[BlackElo "2430"]
[TimeControl "180+1"]
[EndTime "14:38:12 PDT"]
[Termination "ExchangeAB won on time"]

1. d4 d5 2. Nf3 c6 3. e3 Nf6 4.
Bd3 Bg4 5. c4 e6 6. Qb3 Qb6 7.
Ne5 Bh5 8. Nc3 Nbd7 9. Nxd7 Nxd7 10. O-O Bg6 11. Be2 Nf6 12. Bd2 Be7 13. Na4 Qxb3 14. axb3 O-O 15. Rfc1 Ne4 16. Be1 Nd6 17. c5 Ne4 18. b4 a6 19. Nb6 Rad8 20. f3 Nf6 21.
Bg3 Rde8 22. Be5 Rd8 23. g4 Ne8 24. Bg3 f5 25. Bd3 fxg4 26. Bxg6 hxg6 27. fxg4 Bg5 28. Ra3 Rf3 29. Re1 Rf7 30. Kg2 Bf6 31. h4 g5 32.
h5 Re7 33. Rf1 e5 34. dxe5 Bxe5 35. Bxe5 Rxe5 36. Rf5 Rxf5 37. gxf5 Nf6 38. Kf3 Kf7 39. Ra1 Nxh5 40. Rh1 Nf6 41. Rg1 g4+ 42. Kf4 Re8 43.
Kg5 Rxe3 44. Rh1 g3 45. Nc8 Ne4+ 0-1

[Event "Late-Titled-Tuesday-Blitz-August-29-2023"]
[Site "Chess.com"]
[Date "2023.08.29"]
[Round "4"]
[White "JSlaby"]
[Black "Dr_crypt"]
[Result "1-0"]
[WhiteElo "2511"]
[BlackElo "2317"]
[TimeControl "180+1"]
[EndTime "14:38:13 PDT"]
[Termination "JSlaby won on time"]

1. e4 d5 2. exd5 Qxd5 3. Nc3 Qd6 4. d4 c6 5. Bc4 Nf6 6. Nge2 Bf5 7. Bf4 Qb4 8. Bb3 e6 9. Qd2 Bd6 10. a3 Bxf4 11.
Nxf4 Qa5 12. f3 Nbd7 13. g4 Bg6 14. h4 e5 15. dxe5 Nxe5 16. O-O-O O-O 17. h5 Nxf3 18. Qe3 Bxc2 19. Kxc2 Ng5 20. h6 Rfe8 21. Qd3 Rad8 22. Qf5 Qxf5+ 23. gxf5 Rxd1 24. Rxd1 gxh6 25. a4 Kg7 26. a5 a6 27. Nd3 Nfe4 28. Nxe4 Nxe4 29. Rf1 Kf6 30. Rh1 Kxf5 31. Rxh6 Ng5 32. Nc5 Re2+ 33. Kc3 Re3+ 34. Kb4 Re7 35. Bc4 Kg4 36. Rf6 h5 37. Rf1 h4 38. Rg1+ Kh5 39. Kc3 h3 40. Kd4 1-0

[Event "Late-Titled-Tuesday-Blitz-August-29-2023"]
[Site "Chess.com"]
[Date "2023.08.29"]
[Round "4"]
[White "chessS1r"]
[Black "VladimirKramnik"]
[Result "0-1"]
[WhiteElo "2592"]
[BlackElo "2946"]
[TimeControl "180+1"]
[EndTime "14:38:14 PDT"]
[Termination "VladimirKramnik won by resignation"]

1. d4 d5 2. c4 e6 3. Nf3 Nf6 4. Nc3 c6 5. g3 dxc4 6. Bg2 Nbd7 7.
a4 Bb4 8. O-O O-O 9. Nd2 e5 10.
Nxc4 exd4 11. Qxd4 Nc5 12. Qxd8 Rxd8 13. Bg5 Be6 14.
Ne3 Nb3 15. Bxf6 gxf6 16. Rad1 Nd4 17. Bf3 Bb3 18. Rc1 a5 19. Ne4 Kg7 20. Nc5 Bxc5 21. Rxc5 Bxa4 22. Ra1 Nb3 23. Nf5+ Kh8 24. Rxa4 Nxc5 25.
Rh4 Ne6 26. Nh6 Rd7 27. Bg4 Re8 28. Bf5 Rd1+ 29. Kg2 Nf8 30. Rg4 Ng6 31. Bd3 Ne5 32.
Re4 Kg7 33. Nf5+ Kf8 34. Bc2 Rd2 35. Bb3 Ng6 36. Rg4 Rexe2 37. h4 Rxf2+ 38. Kg1 Rxf5 0-1

[Event "Late-Titled-Tuesday-Blitz-August-29-2023"]
[Site "Chess.com"]
[Date "2023.08.29"]
[Round "4"]
[White "jcreyes69"]
[Black "Der_Honigdachs"]
[Result "0-1"]
[WhiteElo "2359"]
[BlackElo "2504"]
[TimeControl "180+1"]
[EndTime "14:38:14 PDT"]
[Termination "Der_Honigdachs won on time"]

1. e4 e6 2. d4 d5 3. Nc3 Bb4 4.
Ne2 dxe4 5. a3 Ba5 6. b4 Bb6 7.
Nxe4 a5 8. b5 Nf6 9. Nxf6+ Qxf6 10. c4 a4 11. Bb2 O-O 12. Bc3 Rd8 13. Qd2 c5 14. d5 Qh4 15. Nf4 Bc7 16. g3 Bxf4 17.
gxf4 exd5 18. cxd5 Nd7 19. Rg1 Nf6 20. O-O-O Bg4 21.
Qb2 Nxd5 22. Bxg7 f6 23. f3 h5 24. fxg4 Kxg7 25. gxh5+ Kh8 26. Be2 Qxf4+ 27. Kb1 Ne3 28.
Rxd8+ Rxd8 29. b6 Qe4+ 30. Ka1 Qd4 31. Qxd4 cxd4 32. Bd3 Rd6 33. h6 f5 0-1

[Event "Late-Titled-Tuesday-Blitz-August-29-2023"]
[Site "Chess.com"]
[Date "2023.08.29"]
[Round "4"]
[White "biostatistician"]
[Black "Durarbayli"]
[Result "0-1"]
[WhiteElo "2576"]
[BlackElo "2906"]
[TimeControl "180+1"]
[EndTime "14:38:15 PDT"]
[Termination "Durarbayli won on time"]

1. d4 Nf6 2. Nf3 e6 3. c4 c5 4. e3 d5 5. Nc3 Nc6 6. a3 cxd4 7. exd4 g6 8. Bg5 Bg7 9. cxd5 exd5 10. Bb5 O-O 11. O-O Bg4 12. Bxc6 bxc6 13. h3 Be6 14.
Rc1 Qd6 15. Re1 Rab8 16. Na4 Ne4 17. Be3 Rfc8 18. b4 a5 19. Bd2 axb4 20. Bxb4 Qf4 21.
Nc5 Bf5 22. Qe2 Nxc5 23. Bxc5 Be4 24. Qe3 Qxe3 25. fxe3 Rb2 26. Rcd1 Bh6 27. Rd2 Rb3 28. Kf2 Re8 29. Ra2 Bb1 30. Rae2 Bd3 31. Ra2 Bc4 32.
Raa1 Bxe3+ 33. Kg3 Re4 34. a4 Rb2 35. Kh2 Be2 36. Ng1 Ba6 37. a5 g5 38. Nf3 h5 39.
Ra3 Bf4+ 40. Kg1 Rxe1+ 41. Nxe1 g4 42. hxg4 hxg4 43. Ra1 Bg3 44. Rd1 f5 45. Bb6 Kf7 46. Bc5 Kg6 47. Bb6 f4 0-1

[Event "Late-Titled-Tuesday-Blitz-August-29-2023"]
[Site "Chess.com"]
[Date "2023.08.29"]
[Round "4"]
[White "NovikovaGalina"]
[Black "Leo_C"]
[Result "0-1"]
[WhiteElo "2401"]
[BlackElo "2581"]
[TimeControl "180+1"]
[EndTime "14:38:15 PDT"]
[Termination "Leo_C won by checkmate"]

1. e4 c5 2. Nf3 e6 3. b4 cxb4 4. a3 Nc6 5. axb4 Bxb4 6. c3 Be7 7.
d4 Nf6 8. e5 Nd5 9. Bd3 d6 10.
O-O dxe5 11. dxe5 b6 12. Qc2 Bb7 13. Bxh7 Rc8 14. Be4 Na5 15. Rd1 Qc7 16. Bb2 Ba8 17. Na3 g5 18. Nb5 Qd7 19. Nd6+ Bxd6 20. exd6 Nc4 21.
Nxg5 Qxd6 22. h3 Qf4 23. Nf3 a5 24. Bc1 Qc7 25. Bg5 Nd6 26. Bxd5 Bxd5 27. Rxd5 exd5 28. Re1+ Ne4 29. Bf6 Rh6 30. Rxe4+ dxe4 31. Qxe4+ Kf8 32.
Be5 Qc6 33. Qf5 Qe6 34. Qf4 Rg6 35. Ng5 Qc4 36. Nh7+ Ke7 37. Qh4+ Ke6 38. Bd4 Qd5 39. f4 Qxg2# 0-1

[Event "Late-Titled-Tuesday-Blitz-August-29-2023"]
[Site "Chess.com"]
[Date "2023.08.29"]
[Round "4"]
[White "Chessdemon2019"]
[Black "Goryachkina"]
[Result "1-0"]
[WhiteElo "2397"]
[BlackElo "2632"]
[TimeControl "180+1"]
[EndTime "14:38:20 PDT"]
[Termination "Chessdemon2019 won on time"]

1. e4 e6 2. d4 d5 3. Nc3 Nf6 4. e5 Nfd7 5. f4 c5 6. Nf3 Nc6 7. Be3 a6 8. Qd2 b5 9. a3 Qa5 10. dxc5 Bxc5 11. Be2 Bxe3 12. Qxe3 b4 13. Nd1 bxa3+ 14.
Kf2 axb2 15. Nxb2 Qb6 16. Nd3 O-O 17. Qxb6 Nxb6 18. Nc5 a5 19. Rhb1 Nd7 20. Nb3 f6 21. Bb5 Ne7 22. Bxd7 Bxd7 23. exf6 Rxf6 24. Rxa5 Rd8 25.
g3 Nc6 26. Rc5 Be8 27. Kg2 h6 28. Nbd4 Nxd4 29. Nxd4 g5 30. fxg5 hxg5 31. Re1 Kf7 32. Nf3 Kg6 33. Rc7 Rxf3 34. Kxf3 Bf7 35. Kg4 d4 36.
Re5 d3 37. cxd3 Rd4+ 38. Re4 Rxd3 39. Rc5 Kf6 40. Rxg5 1-0

[Event "Late-Titled-Tuesday-Blitz-August-29-2023"]
[Site "Chess.com"]
[Date "2023.08.29"]
[Round "4"]
[White "komogro"]
[Black "rookoco"]
[Result "0-1"]
[WhiteElo "2468"]
[BlackElo "2692"]
[TimeControl "180+1"]
[EndTime "14:38:22 PDT"]
[Termination "rookoco won on time"]

1. e4 c5 2. Nc3 g6 3. g3 Bg7 4. Bg2 Nc6 5. d3 Rb8 6. Be3 d6 7. Qd2 b5 8. Nd1 b4 9. Nh3 h5 10. O-O h4 11. Ng5 Nf6 12. f3 hxg3 13. hxg3 Ne5 14.
Nf2 Bd7 15. c4 Nh5 16. f4 Nc6 17. Nh1 Nf6 18. Nf2 Nh5 19. Nh1 Qc8 20. f5 gxf5 21.
g4 Nf6 22. gxf5 Ng4 23. Bf4 Bd4+ 24. Nf2 Nce5 25. Nf3 Rg8 26. Nxd4 cxd4 27. Nxg4 Nxg4 28. Kh1 Qc5 29. Bf3 Ne3 30. Rfe1 e5 31. Bxe3 dxe3 32. Qxe3 Ke7 33. b3 Rg3 34. Qxc5 Rh8+ 0-1

[Event "Late-Titled-Tuesday-Blitz-August-29-2023"]
[Site "Chess.com"]
[Date "2023.08.29"]
[Round "4"]
[White "guillembaches"]
[Black "lupta_robin"]
[Result "0-1"]
[WhiteElo "2448"]
[BlackElo "2637"]
[TimeControl "180+1"]
[EndTime "14:38:23 PDT"]
[Termination "lupta_robin won on time"]

1. e4 Nc6 2. Nf3 d6 3. h3 g6 4. Be2 Bg7 5. O-O e5 6. c3 Nge7 7. d4 O-O 8. Be3 f5 9. dxe5 dxe5 10. Bc5 b6 11. Qb3+ Kh8 12. Ba3 h6 13. Nbd2 f4 14. Nc4 Be6 15. Rad1 Qe8 16. Qc2 g5 17. b4 a6 18.
Nfd2 b5 19. Na5 h5 20. f3 Rf6 21. Ndb3 Rg6 22. Nc5 Bc8 23. Kf2 Nxa5 24. bxa5 Nc6 25.
Bb4 Bf8 26. Rd5 Be6 27. Rfd1 Bxd5 28. exd5 Nxb4 29. cxb4 Bxc5+ 30. bxc5 e4 31. Qxe4 Qxe4 32. fxe4 g4 33. hxg4 hxg4 34. e5 Rd8 35. d6 cxd6 36.
exd6 Kg7 37. c6 Rdxd6 38. c7 Rc6 39. Rd7+ Kf6 40. Bd3 Rg7 41. Be4 Rxd7 0-1

[Event "Late-Titled-Tuesday-Blitz-August-29-2023"]
[Site "Chess.com"]
[Date "2023.08.29"]
[Round "4"]
[White "19912131712118"]
[Black "Orest_Vovk"]
[Result "0-1"]
[WhiteElo "2403"]
[BlackElo "2588"]
[TimeControl "180+1"]
[EndTime "14:38:23 PDT"]
[Termination "Orest_Vovk won by checkmate"]

1. e4 g6 2. d4 Nf6 3. Nc3 d5 4.
exd5 Nxd5 5. Nxd5 Qxd5 6. c4 Qe4+ 7. Be3 Bg4 8. Qb3 Bc8 9. Nf3 Bg7 10. Bd3 Qc6 11.
d5 Qd6 12. h3 O-O 13. O-O c5 14. dxc6 Nxc6 15. Rad1 Qc7 16. a3 Bd7 17. Qc2 Rad8 18. b4 Bc8 19. Rd2 Ne5 20. Nxe5 Bxe5 21. Rfd1 Be6 22. Be2 Rxd2 23. Rxd2 Bf4 24. Bxf4 Qxf4 25. c5 Qe5 26. Bf3 Bc8 27. Re2 Qa1+ 28. Kh2 Qxa3 29. Qc4 Be6 30. Rxe6 fxe6 31. Qxe6+ Kg7 32. Qxe7+ Rf7 33.
Qe5+ Rf6 34. Qe7+ Rf7 35. Qe5+ Kh6 36. Bd5 Rf5 37. Qe6 Qxb4 38. g3 Rxf2+ 39. Bg2 Rxg2+ 40. Kxg2 Qxc5 41. h4 Qc6+ 42. Kh3 Qxe6+ 43. g4 Kg7 44. h5 gxh5 45. Kh4 Qxg4# 0-1

[Event "Late-Titled-Tuesday-Blitz-August-29-2023"]
[Site "Chess.com"]
[Date "2023.08.29"]
[Round "4"]
[White "diamonds13"]
[Black "ritanovikova"]
[Result "0-1"]
[WhiteElo "2343"]
[BlackElo "2153"]
[TimeControl "180+1"]
[EndTime "14:38:23 PDT"]
[Termination "ritanovikova won on time"]

1. d4 d5 2. c4 e6 3. Nc3 Nf6 4. cxd5 exd5 5. Bg5 c6 6. e3 h6 7. Bh4 Be7 8. Bd3 O-O 9. Qc2 Re8 10. Nge2 Ne4 11. Bxe4 Bxh4 12. Bh7+ Kh8 13. Bd3 Bg4 14. h3 Bxe2 15. Qxe2 Nd7 16. O-O-O b5 17. g3 Bf6 18. Bf5 Nb6 19. Qh5 Qe7 20. g4 Nc4 21. h4 Qb4 22. Rd2 Nxd2 23. g5 Nc4 24. Nd1 Qd2+ 25. Kb1 Bxd4 26. exd4 Re2 27. gxh6 Na3+ 28. bxa3 Qxa2+ 29. Kc1 Qa1+ 0-1

[Event "Late-Titled-Tuesday-Blitz-August-29-2023"]
[Site "Chess.com"]
[Date "2023.08.29"]
[Round "4"]
[White "Mikhail_Golubev"]
[Black "Witik"]
[Result "1-0"]
[WhiteElo "2571"]
[BlackElo "2775"]
[TimeControl "180+1"]
[EndTime "14:38:24 PDT"]
[Termination "Mikhail_Golubev won on time"]

1. e4 e5 2. Nf3 Nc6 3. Bc4 Nf6 4. Ng5 d5 5. exd5 Na5 6. Bb5+ c6 7. dxc6 bxc6 8.
Bd3 Nd5 9. Nf3 Bd6 10. O-O Nf4 11. Re1 Nxd3 12. cxd3 O-O 13. Nc3 c5 14. Ne4 Nc6 15. b3 Ba6 16. Ba3 Bxd3 17. Nxc5 e4 18. Nxd3 Bxa3 19.
Nfe5 Nxe5 20. Nxe5 Bb2 21. Nc6 Qb6 22. Rb1 Bf6 23.
Rc1 Rac8 24. Qc2 g6 25. Rxe4 Kg7 26. Rc4 Rfe8 27. d4 Re6 28. g3 h5 29. Kg2 h4 30.
a4 Rce8 31. Qd3 Re2 32. a5 Qb5 33. d5 h3+ 34. Kf1 a6 35. Nd4 Qxd5 36. Qf3 1-0